 Dungeon Crawl Stone Soup version 0.28.0-43-g3370ac3207 (webtiles) character file.

Game seed: 5600573281087737821

4783 pkoi the Destroyer (level 10, -10/56 HPs)
             Began as an Octopode Conjurer on Mar 17, 2022.
             Was a Follower of Sif Muna.
             Shot with an arrow by a centaur warrior (13 damage)
             ... on level 8 of the Dungeon.
             The game lasted 00:27:50 (15066 turns).

pkoi the Destroyer (Octopode Conjurer)             Turns: 15066, Time: 00:27:50

Health: -10/56     AC:  1    Str:  5 (7)  XL:     10   Next: 47%
Magic:  13/16      EV: 13    Int: 22 (24) God:    Sif Muna [*.....]
Gold:   276        SH:  0    Dex:  9 (11) Spells: 3/17 levels left

rFire   . . .      SeeInvis .   t - +1 trident (protect)
rCold   . . .      Faith    .   (no shield)
rNeg    . . .      Spirit   .   (helmet restricted)
rPois   .          Reflect  .   b - amulet of the acrobat
rElec   .          Harm     .   (no ring)
rCorr   .          Rampage  .   (no ring)
Will    .....                   (no ring)
Stlth   +++.......              (no ring)
HPRegen 0.18/turn               (no ring)
MPRegen 0.15/turn               (no ring)
                                (no ring)
                                (no ring)

@: studying Evocations
A: almost no armour, amphibious, 8 rings, camouflage 1, gelatinous body 1,
(nimble swimmer 1), tentacles
a: Renounce Religion, Channel Magic


You were on level 8 of the Dungeon.
You worshipped Sif Muna.
Sif Muna was aware of your devotion.
You visited 2 branches of the dungeon, and saw 9 of its levels.
You also visited: Bailey.

You collected 1456 gold pieces.
You spent 1180 gold pieces at shops.

Inventory:

Hand Weapons
 a - a +0 whip
 f - a +2 dagger of electrocution
 t - a +1 trident of protection (weapon)
Missiles
 i - 16 poisoned darts
 o - 3 curare-tipped darts
 q - a throwing net
Magical Staves
 e - a staff of fire
Jewellery
 b - an amulet of the acrobat (around mantle)
Wands
 k - a wand of iceblast (13)
 u - a wand of flame (27)
Scrolls
 h - a scroll of teleportation
 p - a scroll of holy word
 r - a scroll of torment
 s - 2 scrolls of blinking
Potions
 c - 2 potions of might
 d - 2 potions of curing
 g - 3 potions of haste
 j - a potion of flight
 l - 3 potions of heal wounds
 m - a potion of mutation
 n - a potion of resistance


   Skills:
 - Level 2.0 Dodging
 - Level 3.0 Stealth
 + Level 4.4 Spellcasting
 + Level 10.0 Conjurations
 + Level 6.3 Hexes
 + Level 8.1 Translocations
 + Level 6.2 Evocations


You had 3 spell levels left.
You knew the following spells:

 Your Spells              Type           Power      Damage    Failure   Level
a - Magic Dart            Conj           100%       1d8       1%          1
b - Searing Ray           Conj           96%        2d7       1%          2
c - Apportation           Tloc           80%        N/A       1%          1
d - Iskenderun's Mystic   Conj/Tloc      44%        2d10      2%          4
e - Blink                 Tloc           80%        N/A       1%          2
f - Fulminant Prism       Conj/Hex       20%        3d13      3%          4

Your spell library contained the following spells:

 Spells                   Type           Power      Damage    Failure   Level
 Dazzling Flash           Conj/Hex       80%        N/A       1%          3
 Animate Skeleton         Necr           8%         N/A       11%         1
 Freeze                   Ice            16%        1d4       11%         1
 Pain                     Necr           16%        1d4       11%         1
 Summon Small Mammal      Summ           16%        N/A       11%         1
 Sublimation of Blood     Necr           4%         N/A       16%         2
 Ozocubu's Armour         Ice            4%         N/A       32%         3
 Vampiric Draining        Necr           4%         2d6       32%         3
 Manifold Assault         Tloc           40%        N/A       11%         5
 Irradiate                Conj/Tmut      13%        3d18      36%         5
 Petrify                  Tmut/Erth      4%         N/A       71%         4
 Agony                    Necr           4%         N/A       96%         5
 Borgnjor's Vile Clutch   Necr/Erth      2%         N/A       96%         5
 Simulacrum               Ice/Necr       2%         N/A       100%        6
 Storm Form               Tmut/Air       2%         N/A       100%        7
 Borgnjor's Revivificati  Necr           2%         N/A       100%        8


Dungeon Overview and Level Annotations

Branches:
Dungeon (8/15)             Temple (1/1) D:6          Bailey (visited)
   Lair: D:8-11

Altars:
Ashenzari
Cheibriados
Dithmenos
Elyvilon
Gozag
Hepliaklqana
Kikubaaqudgha
Makhleb
Okawaru
Qazlal
Ru
Sif Muna
Uskayaw
Wu Jian
Xom
Zin

Shops:
D:2 *   D:6 ?

Annotations:
D:4 1 runed translucent door, Crazy Yiuf
D:6 2 transporters, WaxSun's ghost, novice MfIE


Innate Abilities, Weirdness & Mutations

You cannot wear most types of armour.
You are amphibious.
You can wear up to eight rings at the same time.
Your skin changes colour to match your surroundings (Stealth+).
Your rubbery body absorbs attacks. (AC +1, EV +1)
((You are camouflaged when in or above water. (Stealth+)))
You have tentacles for arms and can constrict up to eight enemies at once.


Message History

You start waiting.
Done waiting.
You start waiting.
Done waiting.
You climb downwards.
There is a stone staircase leading up, spattered with blood here.
Things that are here:
a +3 flail; a +0 scale mail
There is a stone staircase leading up, spattered with blood here.
Things that are here:
a +0 robe; a +0 dagger; a +0 dagger You see here a +0 quarterstaff.
Things that are here:
a +0 chain mail; a +0 war axe You now have 276 gold pieces (gained 12).
A centaur warrior comes into view. It is wielding a +0 rapier.
Casting: Iskenderun's Mystic Blast (dangerous; 2% risk of failure)
Confirm with . or Enter, or press ? or * to list all spells.
Aiming: Fulminant Prism (dangerous; 3% risk of failure)
Press: ? - help, Dir - move target You conjure a prism of explosive energy!
The centaur warrior shouts!
A fulminant prism comes into view.
The centaur warrior unwields a +0 rapier.
The centaur warrior wields a +4 longbow.
The centaur warrior shoots an arrow.
The arrow hits your fulminant prism!!
Your fulminant prism detonates feebly.
The centaur warrior shoots an arrow.
The arrow hits you!!
* * * LOW HITPOINT WARNING * * *
The centaur warrior shoots an arrow.
The arrow completely misses you.
Things that are here:
a +0 chain mail; a +0 war axe
Things that are here:
a +0 robe; a +0 dagger; a +0 dagger The centaur warrior shoots an arrow.
The arrow barely misses you.
There is a stone staircase leading up, spattered with blood here.
The centaur warrior shoots an arrow.
The arrow hits you!!
* * * LOW HITPOINT WARNING * * *
The centaur warrior shoots an arrow.
The arrow hits you!
You die...

#.#. ##...# ##
##..8.. #.
#.......#. ####
....<.....##.)#
....... ##[.@##
#8...8##.)###
#......[.##
#.....c#########.#
#...##...#........#
... #c....########
. #....## #..#.#
#c##.#


You could see a centaur warrior.

Vanquished Creatures
  An orc knight (Bailey)
  Pikel (D:6)
  Prince Ribbit (D:5)
  A basilisk (D:8)
  Menkaure (D:7)
  2 water moccasins
  7 orc warriors
  A sky beast (D:7)
  A hornet zombie (D:6)
  2 ice beasts
  A black bear (D:5)
  A necrophage (D:8)
  3 centaurs
  3 phantoms
  Blork the orc (D:6)
  A kobold brigand (D:7)
  3 bullfrogs
  A gnoll sergeant (D:7)
  2 scorpions
  A wyvern skeleton (D:7)
  3 water moccasin skeletons
  A wight (D:8)
  A howler monkey (D:4)
  2 bullfrog zombies (D:6)
  A jelly (D:5)
  2 orc priests
  A hound (D:6)
  2 gnoll shamans
  2 iguanas
  Jessica (D:2)
  7 orc wizards
  A howler monkey zombie (D:5)
  13 gnolls
  5 adders
  A shadow imp (D:5)
  An adder skeleton (D:4)
  3 dart slugs
  31 orcs
  11 ball pythons
  8 endoplasms
  5 giant cockroaches
  4 hobgoblins
  6 jackals (D:1)
  5 quokkas
  4 bats
  6 frilled lizards
  10 goblins
  6 kobolds
  A rat (D:1)
179 creatures vanquished.

Vanquished Creatures (others)
  27 fulminant prisms
  6 plants (D:6)
33 creatures vanquished.

Grand Total: 212 creatures vanquished

Notes
Turn   | Place    | Note
-------+----------+-------------------------------------------
     0 | D:1      | pkoi the Octopode Conjurer began the quest for the Orb.
     0 | D:1      | Reached XP level 1. HP: 11/11 MP: 3/3
   422 | D:1      | Reached XP level 2. HP: 17/17 MP: 1/5
  1122 | D:1      | Reached XP level 3. HP: 17/21 MP: 6/6
  1283 | D:1      | Learned a level 2 spell: Searing Ray
  1349 | D:1      | Reached skill level 5 in Conjurations
  1436 | D:1      | Found a faded altar of an unknown god.
  1715 | D:2      | Found Halung's General Store.
  1835 | D:2      | Noticed Jessica
  1838 | D:2      | Killed Jessica
  1839 | D:2      | Reached XP level 4. HP: 27/27 MP: 3/7
  1895 | D:2      | Learned a level 1 spell: Apportation
  3294 | D:3      | Reached skill level 1 in Translocations
  3755 | D:3      | Reached XP level 5. HP: 6/31 MP: 1/8
  4154 | D:4      | Found a runed translucent door.
  4255 | D:4      | Noticed Crazy Yiuf
  4346 | D:4      | Noticed a phantom
  4407 | D:4      | Reached skill level 6 in Conjurations
  4744 | D:4      | Reached XP level 6. HP: 36/36 MP: 4/9
  5372 | D:4      | Reached XP level 7. HP: 12/41 MP: 1/10
  5593 | D:4      | Learned a level 4 spell: Iskenderun's Mystic Blast
  5680 | D:5      | Entered Level 5 of the Dungeon
  5698 | D:5      | Reached skill level 7 in Conjurations
  5915 | D:5      | Noticed Prince Ribbit
  5928 | D:5      | Killed Prince Ribbit
  6058 | D:5      | Reached skill level 5 in Translocations
  6155 | D:5      | Reached XP level 8. HP: 18/46 MP: 2/11
  6500 | D:5      | Reached skill level 8 in Conjurations
  7627 | D:6      | Identified the +1 spear of Hacking and Slashing {venom,
                  | rPois rN+ Int+5}
  7647 | D:6      | Found a transporter.
  7651 | D:6      | Found a transporter.
  7657 | D:6      | Noticed WaxSun's ghost (novice MfIE)
  7688 | D:6      | Found Mixkouha's Magic Scroll Boutique.
  7707 | D:6      | Identified a scroll of acquirement
  7707 | D:6      | Acquired the Disquisition on Frigorific Dark Rituals
  7959 | D:6      | Reached skill level 9 in Conjurations
  8090 | D:6      | Acquired 956 gold pieces
  8092 | D:6      | Found a staircase to the Ecumenical Temple.
  8102 | D:6      | Noticed Blork the orc
  8107 | D:6      | Killed Blork the orc
  8201 | D:6      | Bought a scroll of holy word for 90 gold pieces
  8201 | D:6      | Bought a scroll of torment for 90 gold pieces
  8302 | D:2      | Bought a potion of haste for 100 gold pieces
  8302 | D:2      | Bought a potion of heal wounds for 50 gold pieces
  8302 | D:2      | Bought a potion of heal wounds for 50 gold pieces
  8302 | D:2      | Bought a manual of Evocations for 800 gold pieces
  8433 | D:6      | Learned a level 2 spell: Blink
  8612 | D:6      | Reached skill level 1 in Evocations
  8662 | D:6      | Reached XP level 9. HP: 24/51 MP: 3/12
  8845 | Temple   | Entered the Ecumenical Temple
  8905 | Temple   | Became a worshipper of Sif Muna the Loreminder
  9263 | D:6      | Noticed Pikel
  9274 | D:6      | Killed Pikel
  9985 | D:6      | Learned a level 4 spell: Fulminant Prism
 10092 | D:7      | Noticed Menkaure
 10101 | D:7      | Killed Menkaure
 10102 | D:7      | Reached skill level 5 in Evocations
 10113 | D:7      | Found a flagged portal.
 10183 | Bailey   | Entered a bailey
 10496 | Bailey   | Reached * piety under Sif Muna
 10740 | Bailey   | Noticed an orc knight
 10848 | Bailey   | Reached skill level 1 in Hexes
 11839 | Bailey   | Killed an orc knight
 11840 | Bailey   | Reached skill level 5 in Hexes
 11840 | Bailey   | Reached XP level 10. HP: 56/56 MP: 2/16
 13590 | D:8      | Noticed a cyclops
 13596 | D:8      | Noticed a purple ugly thing
 14548 | D:8      | Reached skill level 10 in Conjurations
 15056 | D:8      | Noticed a centaur warrior
 15066 | D:8      | Shot with an arrow by a centaur warrior

Illustrated notes

Levels and vault maps discovered:
D:1:      roderic_octagonal_star, layout_rooms, basic_ecumenical_altar
D:2:      layout_basic, serial_shops, nicolae_shop_statue_plus,
          dk_noncrumbling_2, uniq_jessica
D:3:      layout_loops_ring, minmay_misc_feat_iff, nicolae_underground_beach
D:4:      layout_basic, uniq_crazy_yiuf_cottage
D:5:      layout_loops_ring, hangedman_decor_clover_reticule,
          uniq_prince_ribbit1
D:6:      minmay_chambers_of_fours, layout_basic, minmay_temple_entry_arrows,
          gammafunk_ghost_gnarly_gnolls, serial_shops, shop,
          lemuel_old_faithful, uniq_pikel, uniq_blork_the_orc
D:7:      layout_basic, enter_bailey_5, uniq_menkaure
D:8:      minmay_bloctagon, layout_rooms, mainiacjoe_overflow_alcove_2,
          minmay_overflow_temple_star_hex, special_room [special_room_orc],
          nrook_mini_vaults, grunt_ministairs_1
Temple:   nicolae_temple_x_marks_the_god

Skill      XL: |  1  2  3  4  5  6  7  8  9 10 |
---------------+-------------------------------+-----
Stealth        | 3 |  3.0
Conjurations   | 5 6 7 9 10 | 10.0
Translocations | 1 2 3 5 7 8 |  8.1
Evocations     | 2 5 6 |  6.2
Spellcasting   | 4 |  4.4
Hexes          | 5 6 |  6.3
Dodging        | |  2.0

Action                   |  1- 3 |  4- 6 |  7- 9 | 10-12 || total
-------------------------+-------+-------+-------+-------++-------
Melee: Unarmed           |     2 |       |       |       ||     2
       Constrict         |     9 |     3 |    14 |       ||    26
       Whip              |    23 |     3 |       |       ||    26
       Tentacles         |     5 |     3 |    20 |     1 ||    29
       Punch             |     1 |       |       |       ||     1
       Dagger            |       |     6 |    18 |       ||    24
       Trident           |       |       |    37 |     9 ||    46
 Cast: Magic Dart        |    47 |    92 |   116 |     3 ||   258
       Searing Ray       |       |     3 |    35 |       ||    38
       Iskenderun's Myst |       |       |    16 |    16 ||    32
       Fulminant Prism   |       |       |     8 |    19 ||    27
  Use: Scroll            |     2 |     7 |     7 |       ||    16
       Potion            |       |     2 |       |     1 ||     3
 Stab: Sleeping          |       |     3 |       |       ||     3
Armor: Skin              |     1 |     4 |     9 |     4 ||    18
Dodge: Dodged            |    21 |    13 |   117 |    32 ||   183
